[Event "FIDE U16 Olympiad_boards_1-80"]
[Site "Eindhoven, Netherlands"]
[Date "2023.08.14"]
[Round "2.50"]
[White "Han, Johnathan"]
[Black "Pedmanson, Albert"]
[Result "1-0"]
[TimeControl "2700+10"]
[WhiteElo "2199"]
[BlackElo "1882"]

1. e4 d5 2. exd5 Qxd5 3. Nc3 Qd6 4. d4 Nf6 5. Nf3 a6 6. h3 b5 7. Bd3 Bb7 8. O-O e6 9. Re1 Nbd7 10.
Bg5 Be7 11. Bh4 O-O 12. Bg3 Qb6 13. a4 b4 14. a5 Qa7 15. Na4 c5 16. dxc5 Nxc5 17. Nxc5 Bxc5 18. Qe2 Rad8 19. Ne5 Qa8 20.
Kh2 Bd4 21. Rab1 Rd5 22. Nc4 Rh5 23. f3 Rg5 24. Bf4 Rh5 25. Rbd1 g5 26. Be5 Bxe5+ 27. Qxe5 Bxf3 28. Qxf6 Bxg2 29.
Re3 g4 30. h4 Rc8 31. Rg1 Rxc4 32. Bxc4 Rf5 33. Qd4 Bf3 34. Rxf3 Qxf3 35. Rxg4+ 1-0

[Event "FIDE U16 Olympiad_boards_1-80"]
[Site "Eindhoven, Netherlands"]
[Date "2023.08.14"]
[Round "2.51"]
[White "Mikko, Rondo"]
[Black "Chen, Max"]
[Result "0-1"]
[TimeControl "2700+10"]
[WhiteElo "2169"]
[BlackElo "2049"]

1. d4 Nf6 2. Nf3 d5 3. Bf4 c5 4. dxc5 e6 5. e3 Bxc5 6. Nbd2 O-O 7. Be2 Nc6 8. O-O Re8 9. Nb3 Bf8 10.
c4 h6 11. Ne5 Bd6 12. Nxc6 bxc6 13. Bxd6 Qxd6 14. c5 Qc7 15. Qc2 a5 16. Nd2 Ba6 17. Bxa6 Rxa6 18. b3 Raa8 19. a3 Reb8 20.
Rab1 Rb5 21. Rb2 Rab8 22. Rfb1 Qa7 23. b4 Nd7 24. g3 g6 25. Kg2 R8b7 26. Nb3 axb4 27. a4 Ra5 28. Nxa5 Qxa5 29.
Qd2 Nxc5 30. Rxb4 Na6 31. Rxb7 Qxd2 32. R1b2 Qd3 33.
R2b6 Qe4+ 34. Kh3 Nc5 35. Rb8+ Kg7 36. Rxc6 Nd3 0-1

[Event "FIDE U16 Olympiad_boards_1-80"]
[Site "Eindhoven, Netherlands"]
[Date "2023.08.14"]
[Round "2.52"]
[White "Jiang, Kate Yuhua"]
[Black "Pool, Linda Maria"]
[Result "1-0"]
[TimeControl "2700+10"]
[WhiteElo "1770"]
[BlackElo "1428"]

1. e4 e6 2. d4 d5 3. e5 c5 4.
c3 Qb6 5. Nf3 Bd7 6. Bd3 Bb5 7. O-O Bxd3 8. Qxd3 Nc6 9. dxc5 Bxc5 10. b4 Be7 11. Na3 a6 12. Re1 h5 13. Rb1 Rd8 14.
b5 axb5 15. Nxb5 Qa5 16. Bg5 Rc8 17. Bxe7 Kxe7 18. Nd6 Rc7 19. Nxf7 Rh6 20. Nxh6 Nxh6 21. c4 Qxa2 22. Qg6 Nf5 23.
Ng5 Nd8 24. cxd5 Qxd5 25. Rbd1 Qc4 26. Rxd8 Kxd8 27. Nxe6+ Kd7 28. Nxc7 Qxc7 29. Qxf5+ Ke8 30. e6 1-0

[Event "FIDE U16 Olympiad_boards_1-80"]
[Site "Eindhoven, Netherlands"]
[Date "2023.08.14"]
[Round "2.53"]
[White "Piliposyan, Robert"]
[Black "Hobson, Kenneth"]
[Result "1-0"]
[TimeControl "2700+10"]
[WhiteElo "2265"]
[BlackElo "1851"]

1. d4 Nf6 2. c4 e6 3. Nf3 d5 4. Nc3 Bb4 5. cxd5 exd5 6. Bf4 Nbd7 7. e3 Ne4 8. Rc1 g5 9. Be5 f6 10.
Bg3 h5 11. Qb3 Bxc3+ 12. bxc3 Nb6 13. h4 Nxg3 14. fxg3 g4 15. Ng1 Qe7 16. Kf2 Bf5 17. Qb4 Qe6 18. Re1 O-O-O 19. Ne2 Kb8 20.
Nf4 Qf7 21. a4 Nc8 22. Kg1 Nd6 23. Kh2 Rhe8 24. Bb5 Bd7 25. Bd3 Bf5 26. Bb5 Bd7 27. Re2 Bxb5 28. axb5 Nc4 29. Ra1 Rxe3 30.
Rxe3 Nxe3 31. Qa4 Rd6 32. Qxa7+ Kc8 33. Qa8+ Kd7 34. Qh8 Rb6 35. Re1 Nf5 36. Nxd5 Re6 37. Rf1 Ng7 38. Qb8 Ne8 39. Qxb7 Rd6 40.
c4 Qe6 41. b6 Rxd5 42. bxc7 Nxc7 43. cxd5 Qxd5 44. Qxd5+ Nxd5 45. Rf5 Ke6 46. Rxh5 1-0

[Event "FIDE U16 Olympiad_boards_1-80"]
[Site "Eindhoven, Netherlands"]
[Date "2023.08.14"]
[Round "2.54"]
[White "Khoury, Theo"]
[Black "Gasparyan, Erik R."]
[Result "0-1"]
[TimeControl "2700+10"]
[WhiteElo "1865"]
[BlackElo "2272"]

1. e4 c6 2. d4 d5 3. exd5 cxd5 4. Bd3 Nc6 5. c3 Qc7 6. h3 g6 7. Nf3 Bf5 8. Bb5 Bg7 9. O-O Nf6 10.
Re1 O-O 11. Nbd2 Rac8 12. Bxc6 bxc6 13. Nb3 Ne4 14. Ng5 e5 15. Nxe4 Bxe4 16. Be3 Bf5 17. Nc5 e4 18. Qd2 f6 19.
g4 Bd7 20. Bf4 Qd8 21. Bd6 Rf7 22. Qf4 g5 23. Qg3 f5 24. f4 fxg4 25. hxg4 gxf4 26. Bxf4 Qf6 27. Rf1 Qg6 28. Nxd7 Rxd7 29.
Kg2 c5 30. dxc5 Rxc5 31. Be3 Rb5 32. b3 h5 33. Rf5 d4 34. Rxb5 dxe3 35. Rxh5 Rd2+ 36. Kf1 Rf2+ 37. Kg1 Rf3 38. Qg2 Rf4 39. Kh1 Rxg4 40. Qh2 e2 41. Rc5 Qf6 42.
Rc8+ Bf8 43. Qxe2 Qh6+ 44. Qh2 Rh4 45. Rg1+ Kh7 46. Rg2 Qc1+ 0-1

[Event "FIDE U16 Olympiad_boards_1-80"]
[Site "Eindhoven, Netherlands"]
[Date "2023.08.14"]
[Round "2.55"]
[White "Agasarov, Benik"]
[Black "Southcott-Moyers, Indy"]
[Result "1/2-1/2"]
[TimeControl "2700+10"]
[WhiteElo "2182"]
[BlackElo "1983"]

1. d4 d5 2. Nf3 Nf6 3. Bf4 c5 4. e3 Nc6 5. Nbd2 cxd4 6. exd4 Bf5 7. Bb5 Qb6 8. c4 e6 9. a4 Bb4 10. O-O O-O 11. c5 Qd8 12. Nb3 a5 13. Nc1 Bg4 14. Bxc6 bxc6 15.
Nd3 Qc8 16. h3 Bh5 17. g4 Bg6 18. Nfe5 Bxd3 19. Qxd3 Nd7 20. Nxd7 Qxd7 21. Bd6 Rfe8 22. f4 Qb7 23. Rf3 Qa6 24.
Raf1 Qxd3 25. Rxd3 f6 26.
Rff3 Kf7 27. Kf2 Rac8 28. Rb3 Ra8 29. Ke2 Rh8 30. h4 h5 31. g5 f5 32. Kd1 g6 33. Kc2 Ra7 34. Rfe3 Rb7 35. Re2 Re8 36. Kb1 Kg8 37. Ka2 Kf7 38.
Rbe3 Rd7 39. Be5 Rb7 40. Rb3 Kg8 41. Ree3 Kf7 42. Kb1 Kg8 43. Kc2 Kf7 44. Bd6 Kg8 45. Re2 Kf7 46. Rbe3 Rd7 47.
Re5 Rb7 48. R2e3 Rd7 49. Rb3 Rb7 50.
Ree3 Kg8 51. Re1 Kf7 52. Re2 Kg8 53. Be5 Kf7 54. Bd6 Kg8 55. Re1 Kf7 56. Re5 Kg8 57. Ree3 Kf7 58. Red3 Kg8 1/2-1/2

[Event "FIDE U16 Olympiad_boards_1-80"]
[Site "Eindhoven, Netherlands"]
[Date "2023.08.14"]
[Round "2.56"]
[White "Rida, Ruqayyah"]
[Black "Hayrapetyan, Nvard"]
[Result "0-1"]
[TimeControl "2700+10"]
[WhiteElo "1765"]
[BlackElo "1530"]

1. e4 c5 2. Nf3 e6 3. d4 cxd4 4.
Nxd4 Nf6 5. Nc3 Nc6 6. Nxc6 bxc6 7. e5 Nd5 8. Ne4 Qc7 9. f4 Rb8 10. c4 Bb4+ 11. Ke2 O-O 12. a3 Be7 13.
cxd5 cxd5 14. Nf2 f6 15. exf6 Bxf6 16. Rb1 Ba6+ 17. Kf3 Bb7 18. Bd3 e5 19. Bc2 e4+ 20. Kg3 Qb6 21. Bb3 Kh8 22.
Bxd5 Bd4 23. Nxe4 Bxd5 24. Nc3 Bf2+ 25. Kh3 Qh6+ 26. Kg4 Qh4# 0-1

[Event "FIDE U16 Olympiad_boards_1-80"]
[Site "Eindhoven, Netherlands"]
[Date "2023.08.14"]
[Round "2.57"]
[White "Gurel, Ediz"]
[Black "Ritzerveld, Noah"]
[Result "1-0"]
[TimeControl "2700+10"]
[WhiteElo "2302"]
[BlackElo "1959"]

1. e4 e5 2. Nf3 Nc6 3. Bb5 a6 4. Ba4 Nf6 5. O-O Be7 6. Bxc6 dxc6 7. d3 Bd6 8. Nbd2 Be6 9. d4 Nd7 10.
dxe5 Nxe5 11. Nxe5 Bxe5 12. f4 Bd6 13. f5 Bd7 14. Nc4 Bc5+ 15. Kh1 Qe7 16. Bf4 O-O-O 17. Qe1 Kb8 18. b4 Bxb4 19. Qg3 Bc8 20. Rab1 Bc5 21.
Na5 Ka8 22. Bxc7 Rd7 23. Qxg7 Re8 24. Bg3 Bd4 25. e5 Bxe5 26. Qxe5 Qxe5 27. Bxe5 Rxe5 28. Nc4 Rc5 29. Nb6+ Kb8 30. Nxd7+ Bxd7 31. g4 Rxc2 32. Rfd1 Kc8 33. Rxb7 Kxb7 34.
Rxd7+ Kb6 35. Rxf7 Rxa2 36. f6 Rf2 37.
g5 a5 38. Rxh7 a4 39. Rh3 Rf5 40. g6 Rxf6 41. g7 Rg6 42. Rg3 1-0

[Event "FIDE U16 Olympiad_boards_1-80"]
[Site "Eindhoven, Netherlands"]
[Date "2023.08.14"]
[Round "2.58"]
[White "Terlouw, Wouter"]
[Black "Erdogmus, Yagiz Kaan"]
[Result "0-1"]
[TimeControl "2700+10"]
[WhiteElo "1845"]
[BlackElo "2353"]

1. d4 Nf6 2. Bg5 Ne4 3. Bf4 c5 4. d5 Qb6 5. Bc1 e6 6. f3 Nf6 7. e4 exd5 8. exd5 Bd6 9. Na3 O-O 10.
Nc4 Re8+ 11. Be2 Qc7 12. Bg5 b5 13. Nxd6 Qxd6 14. Bxf6 Qxf6 15. c3 b4 16. Qd2 a5 17. c4 d6 18.
Kf1 Bf5 19. g3 Nd7 20. Kg2 Re7 21. f4 Rae8 22. Bf3 Re3 23. Rf1 Bd3 24. Rf2 Bxc4 25. b3 Bd3 26. Qb2 Qf5 27. h4 Nf6 28.
Qc1 h5 29. Nh3 Ng4 30. Bxg4 Qxg4 0-1

[Event "FIDE U16 Olympiad_boards_1-80"]
[Site "Eindhoven, Netherlands"]
[Date "2023.08.14"]
[Round "2.59"]
[White "Kilic, Eray"]
[Black "Zecha, Oscar"]
[Result "1-0"]
[TimeControl "2700+10"]
[WhiteElo "2433"]
[BlackElo "1867"]

1. e4 e5 2. Nf3 Nc6 3. Bc4 Bc5 4. c3 Nf6 5. d3 d6 6. Bb3 a6 7. h3 Be6 8. O-O Ba7 9. Nbd2 O-O 10. Re1 Re8 11. Nf1 d5 12. Ng5 Qd6 13.
Nxe6 fxe6 14. exd5 exd5 15. Be3 Bxe3 16. Nxe3 Kh8 17. Qd2 Qd7 18. Ba4 Qf7 19. Bxc6 bxc6 20. Nf1 Qg6 21. Ng3 Nh5 22. Nxh5 Qxh5 23. Re3 Re6 24.
Rae1 Rae8 25. Qc2 Qh4 26. c4 Qd4 27. R1e2 Qb6 28. Qa4 h6 29. Rg3 R8e7 30. Kh2 e4 31. dxe4 Rxe4 32. Rxe4 Rxe4 33.
Qc2 Rxc4 34. Qg6 Qd4 35. Re3 Qf4+ 36. Rg3 Qd4 37. Rf3 Qc5 38. Qe8+ Kh7 39. Rf8 Qd6+ 40. g3 1-0

[Event "FIDE U16 Olympiad_boards_1-80"]
[Site "Eindhoven, Netherlands"]
[Date "2023.08.14"]
[Round "2.60"]
[White "Westerhof, Fleur"]
[Black "Akat, Elifnaz"]
[Result "0-1"]
[TimeControl "2700+10"]
[WhiteElo "1793"]
[BlackElo "1726"]

1. e4 c5 2. Nf3 Nc6 3. d4 cxd4 4. Nxd4 Nf6 5. Nc3 e5 6. Ndb5 d6 7. Bg5 a6 8. Na3 b5 9. Nd5 Be7 10.
Bxf6 Bxf6 11. c3 O-O 12. Nc2 Rb8 13. h4 g6 14. h5 Bg5 15. Nce3 Be6 16. Be2 Ne7 17. Nxe7+ Qxe7 18. Nd5 Bxd5 19.
Qxd5 Rbc8 20. hxg6 hxg6 21. a4 b4 22. cxb4 Rc2 23. Bxa6 Qf6 24. O-O Kg7 25. Rad1 Rh8 26. Rd3 Qf4 27.
Rh3 Rxh3 28. gxh3 Bh4 29. Qb3 Bxf2+ 30. Kh1 Qxe4+ 31. Kh2 Bg3+ 32. Kxg3 Rg2# 0-1

[Event "FIDE U16 Olympiad_boards_1-80"]
[Site "Eindhoven, Netherlands"]
[Date "2023.08.14"]
[Round "2.61"]
[White "Elias, David"]
[Black "Kiladze, Luka"]
[Result "0-1"]
[TimeControl "2700+10"]
[WhiteElo "1884"]
[BlackElo "1912"]

1. d4 Nf6 2. c4 e6 3.
Nf3 b6 4. e3 Bb7 5. Be2 Be7 6. O-O O-O 7. Qc2 c5 8. a3 cxd4 9. Nxd4 Nc6 10. Nc3 Nxd4 11. exd4 d5 12. cxd5 Nxd5 13. Be3 Rc8 14. Bd3 g6 15.
Bh6 Re8 16. Bb5 Nxc3 17. Bxe8 Ne4 18. Bxf7+ Kxf7 19. Qd3 Bf6 20. Be3 Nc5 21. Qd1 Qd5 22. Qg4 Nb3 23. Rad1 h5 24. Qg3 h4 25.
Qg4 Qf5 26. Qxf5 gxf5 27. Rd3 Bd5 28. Rc3 Rxc3 29. bxc3 b5 30. f3 a5 31. Bc1 Be7 32. Bb2 Nd2 33. Ra1 Bd6 34. Kh1 h3 35. gxh3 Nxf3 36. h4 Kg6 37.
Kg2 Ne1+ 38. Kf1 Nd3 39. Bc1 Nxc1 40. Rxc1 Bxa3 41. Ra1 Bb2 42. Rxa5 Bxc3 43. Ra6 Bxd4 44. Ke2 b4 45. Kd3 Bf6 46. Rb6 b3 47. h5+ Kxh5 48. h4 b2 49. Ke3 Be4 50. Rb3 b1=Q 51. Kf4 e5+ 0-1

[Event "FIDE U16 Olympiad_boards_1-80"]
[Site "Eindhoven, Netherlands"]
[Date "2023.08.14"]
[Round "2.62"]
[White "Shamatava, Nikolozi"]
[Black "Skreko, Igor"]
[Result "1-0"]
[TimeControl "2700+10"]
[WhiteElo "1872"]
[BlackElo "1985"]

1. d4 Nf6 2. c4 g6 3. g3 Bg7 4. Bg2 O-O 5. Nc3 d6 6. Nf3 Nc6 7. O-O Bf5 8. d5 Na5 9. Nd2 c6 10. e4 Bg4 11. f3 Bd7 12.
Kh1 cxd5 13. exd5 Rc8 14. Qe2 Qc7 15. Re1 Nxc4 16. Nxc4 Qxc4 17. Qxc4 Rxc4 18. Rxe7 Rd8 19. Re1 a6 20.
Bf4 Be8 21. Rac1 b5 22. b3 Rcc8 23. Bh3 Rc5 24. Be3 Rc7 25. Bb6 Rcc8 26. Bxd8 Rxd8 27. Ne4 Nxe4 28. Rxe4 Kf8 29. Rc7 a5 30. f4 Bf6 31. Bc8 b4 32.
Ba6 Ra8 33. Bb7 Ra7 34. Rxe8+ 1-0

[Event "FIDE U16 Olympiad_boards_1-80"]
[Site "Eindhoven, Netherlands"]
[Date "2023.08.14"]
[Round "2.63"]
[White "Rakovsky, Jakub"]
[Black "Kirtadze, Anastasia"]
[Result "1-0"]
[TimeControl "2700+10"]
[WhiteElo "1860"]
[BlackElo "1884"]

1. e4 c5 2. Nf3 e6 3. c3 d5 4. exd5 Qxd5 5. Na3 Nc6 6. Be2 Nf6 7. d4 cxd4 8. Nb5 Qd8 9. Nbxd4 Nxd4 10.
Qxd4 Be7 11. Qxd8+ Bxd8 12. O-O Bc7 13. Bg5 Bd7 14. Bh4 Ke7 15. Bg3 Bxg3 16. hxg3 Bc6 17. Nd4 Rhd8 18. Rfd1 Rd6 19.
Bf3 Rad8 20. Re1 g6 21. Bxc6 bxc6 22. Nb3 Nd5 23. Kf1 Nb6 24. Na5 R8d7 25. b4 Rc7 26. Red1 Nd5 27. Rd3 c5 28.
Nc4 Ra6 29. b5 Ra4 30. Nb2 Ra3 31. c4 Rxd3 32. Nxd3 Nb4 33. Ke2 Nc2 34. Rd1 f6 35. g4 e5 36. g5 Nd4+ 37. Kf1 fxg5 38. Re1 Kf6 39. Rxe5 Ne6 40.
a4 h5 41. a5 h4 42. Rd5 Ke7 43. Ne5 Nf4 44. Rd2 Kf6 45. Nc6 Rh7 46. Rd6+ Kf5 47. f3 g4 48. fxg4+ Kxg4 49. b6 axb6 50.
a6 h3 51. gxh3+ Rxh3 52. Ne5+ Kg3 53.
Ke1 Rh1+ 54. Kd2 Ra1 55. Rxb6 Kf2 56. Nxg6 Ra2+ 57. Kc3 Ne2+ 58. Kb3 Ra5 59. Ne5 Nd4+ 60. Kb2 Ra4 61. Nd3 Ke3 62. Nxc5 Ra5 63. Nb3 Nxb3 64. Kxb3 Kd4 65. Kb4 Ra1 66.
Rd6 Ke5 67. Rd5+ Ke6 68. Kb5 Ra2 69. Kb6 Ra1 70. a7 Ra2 71. Kb7 Rb2+ 72. Rb5 Kd5 1-0

[Event "FIDE U16 Olympiad_boards_1-80"]
[Site "Eindhoven, Netherlands"]
[Date "2023.08.14"]
[Round "2.64"]
[White "Mgeladze, Kesaria"]
[Black "Tomcaniova, Lucia"]
[Result "1-0"]
[TimeControl "2700+10"]
[WhiteElo "1660"]
[BlackElo "1668"]

1. e4 c5 2. Nf3 Nc6 3. Nc3 g6 4. d4 cxd4 5. Nxd4 Bg7 6. Be3 Nf6 7. Nxc6 bxc6 8. e5 Ng8 9. Bd4 Nh6 10.
e6 O-O 11. Bxg7 Kxg7 12. Qd4+ Kg8 13. exd7 Qxd7 14. Qxd7 Bxd7 15. O-O-O Be6 16. Ba6 Rab8 17. Rhe1 Nf5 18. Na4 Rfe8 19.
Nc5 Ng7 20. Nxe6 Nxe6 21. Rd7 Nc5 22. Rxa7 Kf8 23. Bc4 Rb7 24. Rxb7 Nxb7 25. Re3 Nd6 26. Bb3 Rc8 27. Rc3 h5 28.
a3 e6 29. Bc4 Ke7 30. b4 Ra8 31. Be2 Kd7 32. Bf3 Ra6 33. Kb2 e5 34. Rc5 e4 35. Be2 Ra7 36. Kb3 f6 37. a4 Nf5 38.
Rc4 Nd6 39. Rd4 Kc7 40. c4 f5 41. c5 Nb7 42. Bc4 Nd8 43. Rd6 g5 44. Rg6 1-0

[Event "FIDE U16 Olympiad_boards_1-80"]
[Site "Eindhoven, Netherlands"]
[Date "2023.08.14"]
[Round "2.65"]
[White "Mwase, Arthur"]
[Black "Manon, Reja Neer"]
[Result "0-1"]
[TimeControl "2700+10"]
[WhiteElo "1504"]
[BlackElo "2092"]

1. d4 Nf6 2. c4 e6 3. g3 c5 4. e3 cxd4 5. exd4 d5 6. cxd5 Nxd5 7. Nf3 Nc6 8. Bg2 Qa5+ 9. Nbd2 Qa6 10. Qe2 Qxe2+ 11. Kxe2 b6 12. a3 Ba6+ 13.
Kd1 Rc8 14. Ne4 Na5 15. Nfd2 Be7 16. b4 Nc4 17. Nxc4 Bxc4 18.
Bb2 Bb3+ 19. Ke1 Rc2 20. Bc1 O-O 21. Nd2 Ba4 22. Be4 Rc7 23. Bb2 Bf6 24. Ke2 Nc3+ 25. Bxc3 Rxc3 26. Nf3 Rfc8 27. Kd2 g5 28. h4 Bc6 29.
Bxc6 R8xc6 30. Rhc1 Rxf3 31. Rxc6 Bxd4 32. Rf1 g4 33. Rc4 e5 34. h5 Kg7 35. Rc6 h6 36. Rc2 Rxa3 37. Rc4 Rb3 38. Ke2 b5 39. Rc7 Rxb4 40.
f3 Rb2+ 41. Kd3 Rb3+ 42. Ke4 Re3+ 43. Kd5 gxf3 44. Rb7 a6 45. g4 Rc3 46. Ke4 f2 47. Rd7 Re3+ 48. Kf5 Rf3+ 49. Ke4 Rf4+ 50. Kd3 Rxg4 51. Rd6 a5 52.
Rd5 b4 53. Rxa5 b3 54. Rb5 b2 55. Rb4 Rg3+ 56. Ke2 Re3+ 57. Kd2 Re1 58. Kd3 0-1

[Event "FIDE U16 Olympiad_boards_1-80"]
[Site "Eindhoven, Netherlands"]
[Date "2023.08.14"]
[Round "2.66"]
[White "Md. Sajidul, Haque"]
[Black "Pido, Edwin"]
[Result "1-0"]
[TimeControl "2700+10"]
[WhiteElo "1993"]
[BlackElo "1482"]

1. d4 d5 2. Bf4 Nf6 3. e3 e6 4. Nf3 Bd6 5. Ne5 O-O 6. Nd2 c5 7. c3 Nc6 8. Bd3 Ne7 9. h4 Ng6 10.
Bg3 Ne7 11. h5 Nf5 12. Bf4 g6 13. g4 Ne7 14. dxc5 Bxc5 15. Bh6 Re8 16. Bb5 Nd7 17. Bxd7 Bxd7 18. Ne4 b6 19. Nf6+ 1-0

[Event "FIDE U16 Olympiad_boards_1-80"]
[Site "Eindhoven, Netherlands"]
[Date "2023.08.14"]
[Round "2.67"]
[White "Ajiri, Nygaard"]
[Black "Sakline Mostafa, Sajid"]
[Result "0-1"]
[TimeControl "2700+10"]
[WhiteElo "1591"]
[BlackElo "2087"]

1. e4 c5 2. Nf3 e6 3. c3 Nf6 4.
e5 Nd5 5. g3 d6 6. exd6 Bxd6 7. Bg2 O-O 8. Na3 Nc6 9. O-O a6 10. Nc2 b5 11. d4 Bb7 12. Ng5 cxd4 13. Nxd4 Nxd4 14.
Qxd4 Be7 15. Ne4 Qc7 16. Qd1 Rad8 17. Qe2 e5 18. Bd2 f5 19. Ng5 Qd6 20. Rfe1 h6 21. Nf3 e4 22. Nd4 Qb6 23.
f3 Bc5 24. fxe4 Bxd4+ 25. cxd4 Qxd4+ 26. Kh1 fxe4 27. Ba5 Rde8 28. Red1 Qe5 29. Rac1 e3 30. Be1 Rc8 31. Rxc8 Rxc8 32. Kg1 Rc7 33. Rd3 Rc1 34. Bxd5+ Bxd5 35. Qxe3 Rxe1+ 0-1

[Event "FIDE U16 Olympiad_boards_1-80"]
[Site "Eindhoven, Netherlands"]
[Date "2023.08.14"]
[Round "2.68"]
[White "Wadifa, Ahmed"]
[Black "Nabirye, Caroline"]
[Result "1-0"]
[TimeControl "2700+10"]
[WhiteElo "1850"]
[BlackElo "1287"]

1. e4 e5 2. Nf3 Nc6 3. Bb5 d6 4. O-O Bd7 5. c3 Nf6 6. Re1 Be7 7. d4 exd4 8. cxd4 a6 9. Ba4 h6 10.
h3 O-O 11. Nc3 Nh7 12. Nd5 Kh8 13. Nxe7 Qxe7 14. Bc2 Rae8 15. a3 Qd8 16. Qd3 Ne7 17. e5 Bf5 18. Qd1 dxe5 19. Bxf5 Nxf5 20.
dxe5 Qxd1 21. Rxd1 Rd8 22. Bf4 Rfe8 23. g4 Ne7 24. e6 fxe6 25. Bxc7 Rd5 26. Re1 Ng6 27. Rad1 Nf6 28. Ne5 Nxe5 29.
Bxe5 Rxd1 30. Rxd1 Nd5 31. Rc1 Re7 32. Rc8+ Kh7 33. Kg2 Kg6 34. h4 Kf7 35. Rd8 g6 36. Bd6 Re8 37. Rd7+ Kf6 38.
Rxb7 Ra8 39. f4 Ne3+ 40. Kf3 Nd5 41. Be5# 1-0

[Event "FIDE U16 Olympiad_boards_1-80"]
[Site "Eindhoven, Netherlands"]
[Date "2023.08.14"]
[Round "2.69"]
[White "Tandeka, Shiloh"]
[Black "Fu, Yihe"]
[Result "0-1"]
[TimeControl "2700+10"]
[WhiteElo "1433"]
[BlackElo "2097"]

1. e4 c5 2. Nc3 Nc6 3. f4 e6 4. Nf3 Qc7 5. d3 d6 6. Be2 Nge7 7. O-O d5 8. e5 Nf5 9. Qe1 Be7 10.
Bd1 a6 11. Kh1 b5 12. Qf2 Bb7 13. Ne2 h5 14. d4 cxd4 15. Nexd4 Ncxd4 16. Nxd4 Bc5 17. c3 h4 18. Nxf5 Bxf2 19.
Nd6+ Ke7 20. Rxf2 h3 21. f5 hxg2+ 22. Kxg2 Qb6 23. fxe6 Rxh2+ 24. Kxh2 Qxf2+ 25. Kh3 Rh8+ 26. Kg4 Rh4+ 27.
Kg5 Qg3+ 28. Kf5 fxe6# 0-1

[Event "FIDE U16 Olympiad_boards_1-80"]
[Site "Eindhoven, Netherlands"]
[Date "2023.08.14"]
[Round "2.70"]
[White "Teh, Rui Gen"]
[Black "Kigundu, Ethan"]
[Result "1-0"]
[TimeControl "2700+10"]
[WhiteElo "1724"]
[BlackElo "1620"]

1. e4 c6 2. d4 d5 3. Nd2 dxe4 4. Nxe4 Nd7 5. Bd3 Ngf6 6. Nxf6+ Nxf6 7. c3 Bg4 8. Qb3 Qd7 9. h3 Bh5 10.
Bf4 e6 11. Ne2 Be7 12. O-O O-O 13. Rfe1 Bg6 14. Bxg6 hxg6 15. Rad1 Rfd8 16. Nc1 Rac8 17. Nd3 Nd5 18. Bg3 Bd6 19. Bxd6 Qxd6 20. Qxb7 Rc7 21. Qb3 Nf4 22. Nxf4 Qxf4 23.
Qc2 Rcd7 24. g3 Qc7 25. b4 a5 26. a3 axb4 27. axb4 Ra8 28. Ra1 Rdd8 29. Ra4 Ra7 30. Rea1 Rda8 31.
Rxa7 Rxa7 32. Ra4 Rxa4 33. Qxa4 Kh7 34. Qa5 Qd7 35. Qc5 Qd5 36. Qxd5 exd5 37. Kf1 Kg8 38. c4 Kf8 39. cxd5 cxd5 40.
Ke2 Ke7 41. Kd3 Kd6 42. b5 Kc7 43.
Kc3 Kb6 44. Kb4 g5 45. f4 gxf4 46. gxf4 f6 47.
f5 1-0

[Event "FIDE U16 Olympiad_boards_1-80"]
[Site "Eindhoven, Netherlands"]
[Date "2023.08.14"]
[Round "2.71"]
[White "Mwase, Mathew"]
[Black "Hu, Yifei"]
[Result "0-1"]
[TimeControl "2700+10"]
[WhiteElo "1478"]
[BlackElo "1825"]

1. d4 e6 2. c4 b6 3. Nc3 Bb7 4.
e4 Bb4 5. Qc2 Qh4 6. d5 exd5 7. exd5 Nf6 8. Bd2 O-O 9. Bd3 c6 10. Nge2 cxd5 11. Nxd5 Nxd5 12. cxd5 Rc8 13. Qb3 Bxd2+ 14. Kxd2 Qg5+ 15. f4 Qxd5 16. Qxd5 Bxd5 17. Rhg1 Bb7 18. Nc3 Na6 19. a3 Nc5 20. Bc2 d5 21. Rae1 d4 22. Ne4 Bxe4 23.
Bxe4 Rab8 24. Bc2 a5 25. Re7 a4 26. Rge1 Ra8 27. Bf5 Rd8 28. Rc7 g6 29. Bd3 Ne6 30. Rb7 Rab8 31. Rxb8 Rxb8 32. f5 Nc5 33. fxg6 hxg6 34.
Bb5 Kf8 35. Re5 Rd8 36. h4 d3 37. Bc4 Rd4 38. Bb5 Ne4+ 39. Kd1 d2 40. Re8+ Kg7 41. Rxe4 Rxe4 42. Kxd2 Rxh4 43. Kc3 Rg4 44.
Bc6 Kf6 45. Bf3 Rf4 46. Kd3 Ke5 47. Bc6 f5 48. Ke3 Re4+ 49. Kd3 Rd4+ 50. Ke3 f4+ 51. Kf3 Rd3+ 52. Kg4 Rg3+ 53. Kh4 Kf5 54.
Bf3 g5+ 55. Kh5 Rxf3 56. gxf3 b5 0-1

[Event "FIDE U16 Olympiad_boards_1-80"]
[Site "Eindhoven, Netherlands"]
[Date "2023.08.14"]
[Round "2.72"]
[White "Cheng, Chao Xin"]
[Black "Zuri, Tatiina"]
[Result "1-0"]
[TimeControl "2700+10"]
[WhiteElo "1748"]
[BlackElo "1297"]

1. e4 d6 2. d4 Nf6 3. Nc3 g6 4. g3 Bg7 5. Bg2 c6 6. a4 Nbd7 7. Nge2 e5 8. d5 c5 9. O-O O-O 10.
h3 h6 11. Be3 Kh7 12. Qd2 Ng8 13. a5 b6 14. Nb5 Nb8 15. axb6 Qxb6 16. Qa5 Qxa5 17. Rxa5 a6 18. Nxd6 c4 19. Nxc4 f5 20. exf5 Bxf5 21. d6 Ra7 22. Bxa7 1-0

[Event "FIDE U16 Olympiad_boards_1-80"]
[Site "Eindhoven, Netherlands"]
[Date "2023.08.14"]
[Round "2.73"]
[White "Kurt, Sascha"]
[Black "Antoniou, Rafail"]
[Result "0-1"]
[TimeControl "2700+10"]
[WhiteElo "1800"]
[BlackElo "1874"]

1. e4 c5 2. Nf3 e6 3. d4 cxd4 4. Nxd4 Nf6 5. Nc3 Nc6 6. Nxc6 bxc6 7. e5 Nd5 8. Ne4 Qc7 9. f4 Qb6 10. c4 Ne3 11. Qd3 Bb4+ 12. Bd2 Ba6 13.
b3 O-O 14. Rc1 Nd5 15. g3 Qa5 16. Bxb4 Nxb4 17. Qd2 c5 18. Nc3 Bb7 19. Rg1 Rab8 20. Bg2 Rfd8 21. Bxb7 Rxb7 22. Rg2 d5 23. exd6 Rbd7 24. Rd1 Qb6 25.
Qe3 Rxd6 26. Rgd2 Rd4 27. Ke2 Nc6 28. Nb5 Rxd2+ 29. Rxd2 Nd4+ 30. Nxd4 cxd4 31. Qd3 a5 32. Rd1 f6 33. Qf3 Qc5 34. Qe4 Qh5+ 35. Kd3 Qxd1# 0-1

[Event "FIDE U16 Olympiad_boards_1-80"]
[Site "Eindhoven, Netherlands"]
[Date "2023.08.14"]
[Round "2.74"]
[White "Daniil, Daniil"]
[Black "Grooten, Tommy"]
[Result "1/2-1/2"]
[TimeControl "2700+10"]
[WhiteElo "1379"]
[BlackElo "1908"]

1. e4 c5 2. Nf3 e6 3. d4 cxd4 4. Nxd4 a6 5.
c4 Qc7 6. a3 Nf6 7. Nc3 d6 8. Be2 b6 9. Be3 Bb7 10. f3 Be7 11. O-O Nbd7 12. Rc1 Rc8 13. Qd2 Qb8 14. Na4 Bd8 15.
Rfd1 Bc7 16. Rc2 O-O 17. Bf2 d5 18. cxd5 Bxh2+ 19. Kh1 Rxc2 20. Nxc2 exd5 21. exd5 Bxd5 22. Nc3 Bb7 23. Nd4 Qe5 24.
Be3 Qh5 25. f4 Qh6 26. Nf5 Qh3 27. Nd5 Bxd5 28. Qxd5 Nxd5 29. gxh3 Nxe3 30. Nxe3 Bxf4 31. Ng2 Be5 32. Rxd7 Bxb2 33.
a4 Rc8 34. Nf4 b5 35. axb5 axb5 36. Bxb5 g6 37. Bd3 Rc1+ 38. Kg2 Be5 39. Ne2 Rc5 40. Kf3 Kg7 41. Nf4 Bxf4 42. Kxf4 Ra5 43. Rc7 Rh5 44. Kg4 Re5 45.
Bc4 Rf5 46. Kg3 Rf6 47. Kg4 Rf5 48. Bd3 Re5 49. Kf4 Rh5 50. Kg3 Re5 51. Bc2 Rb5 52. Kg4 Re5 53. Kg3 Rb5 54. Kg4 Re5 55.
Kf4 Rh5 56. Kg3 Re5 57. h4 h5 58. Kf4 Rb5 59. Kg3 Re5 60. Kf4 Rb5 61. Kg3 Re5 62. Kf4 Rb5 63. Kf3 Rb4 64. Kg3 Rd4 65.
Rb7 Rd6 66. Rc7 Rb6 67. Kh3 Rb5 68. Kg3 Re5 69. Kh3 Rb5 70. Kg3 Re5 71. Kh2 Rb5 72. Kh3 Re5 73. Kg3 Rb5 74. Kh3 Re5 75. Kg3 Rb5 76. Kh3 1/2-1/2

[Event "FIDE U16 Olympiad_boards_1-80"]
[Site "Eindhoven, Netherlands"]
[Date "2023.08.14"]
[Round "2.75"]
[White "Feng, Elysia"]
[Black "Karaolis, Andreas"]
[Result "0-1"]
[TimeControl "2700+10"]
[WhiteElo "1635"]
[BlackElo "1327"]

1. e4 d6 2. d4 Nf6 3. Nc3 g6 4. Nf3 Bg7 5. Be3 O-O 6. Be2 d5 7. e5 Ne4 8. O-O a6 9. Nxe4 dxe4 10.
Nd2 c5 11. Nxe4 cxd4 12. Bxd4 Nc6 13. c3 Bxe5 14. Bxe5 Nxe5 15. Qb3 Qc7 16. Rac1 Be6 17. c4 Rac8 18. Nd2 b5 19. Qb4 bxc4 20.
f4 Rb8 21. Qa3 Qb6+ 22. Kh1 Qxb2 23. Qe3 Rbd8 24. Nxc4 Nxc4 25. Bxc4 Bxc4 26. Rxc4 Qxa2 27. Rc3 e6 28. Qg3 Qe2 29. Rcf3 Rd1 30. Kg1 Rfd8 31.
h3 Rxf1+ 32. Rxf1 Rd1 33. Rxd1 Qxd1+ 34. Kh2 Qd2 35.
Qf3 a5 36. Kg3 Kg7 37. Qe4 Qc3+ 38. Kh2 h5 39. Qa4 Qb4 40. Qa1+ f6 41. Qc1 Qd6 42. Qc4 g5 43. g3 h4 44.
Kg2 hxg3 45. Kxg3 Qxf4+ 46. Qxf4 gxf4+ 0-1

[Event "FIDE U16 Olympiad_boards_1-80"]
[Site "Eindhoven, Netherlands"]
[Date "2023.08.14"]
[Round "2.76"]
[White "Bouzana, Christina"]
[Black "Leenen, Boyd"]
[Result "0-1"]
[TimeControl "2700+10"]
[WhiteElo "1140"]
[BlackElo "2008"]

1. d4 Nf6 2. c4 e6 3. Nc3 Bb4 4. e3 d5 5. Nge2 O-O 6. a3 Bxc3+ 7. Nxc3 b6 8. cxd5 exd5 9. Be2 Bb7 10.
O-O Re8 11. Bf3 Qd6 12. b4 a6 13. Bb2 Nbd7 14. Qb3 Ne4 15. Nxe4 dxe4 16. Be2 Nf6 17. h3 Nd5 18. Bc3 f5 19.
Bd2 Kh8 20. g3 Re6 21. a4 g5 22. Kh2 Rg8 23. Rg1 Rh6 24. Rg2 Rxh3+ 25. Kg1 Qh6 26. f3 Rh1+ 27. Kf2 Rxa1 0-1